TOP OF THE 1ST |
Gresham Gold Souls batting - Pitching for Redwood City Redwoods : RHP Juliăo Edwards
|
Pitching: RHP Juliăo Edwards
|
|
Batting: RHB Norm Francis
|
0-0: Foul Ball, location: 2F 0-1: Called Strike 0-2: Foul Ball, location: 2F 0-2: Ball 1-2: Strikes out looking
|
Batting: RHB Jared Thompson
|
0-0: Ball 1-0: Called Strike 1-1: Ground out 6-3 (Groundball, 6)
|
Batting: LHB Jeff Forsyth
|
0-0: Ball 1-0: Ball 2-0: Ball 3-0: Base on Balls
|
Batting: LHB Bill Smith
|
0-0: Ball 1-0: Ball 2-0: SINGLE (Groundball, 4D) Jeff Forsyth to second Runner from 2nd tries for 3rd, SAFE, throw made to third
|
Batting: RHB Peter Hensley
|
0-0: Ball 1-0: Ball 2-0: Fielders Choice at 2nd, 6-4 (Groundball, 6)
|
Top of the 1st over - 0 runs, 1 hit, 0 errors, 2 left on base; Gresham 0 - Redwood City 0 |
BOTTOM OF THE 1ST |
Redwood City Redwoods batting - Pitching for Gresham Gold Souls : RHP Jesús Gonzáles
|
Pitching: RHP Jesús Gonzáles
|
|
Batting: LHB José Peralta
|
0-0: Hit by Pitch
|
Batting: LHB Keith Green
|
0-0: Ball Wild Pitch! José Peralta to second 1-0: Foul Ball, location: 2F 1-1: Foul Ball, location: 2F 1-2: Ball 2-2: Ball 3-2: Fly out, F8 (Line Drive, 8LS)
|
Batting: RHB David Adams
|
0-0: Foul Ball, location: 2F 0-1: Ball 1-1: Swinging Strike 1-2: Strikes out swinging
|
Batting: LHB César Rodríguez
|
0-0: Ball 1-0: Foul Ball, location: 2F 1-1: Ball 2-1: Ball 3-1: Base on Balls
|
Batting: RHB Steve Sampson
|
0-0: Called Strike 0-1: Foul Ball, location: 2F 0-2: Foul Ball, location: 2F 0-2: Fly out, F8 (Flyball, 89D)
|
Bottom of the 1st over - 0 runs, 0 hits, 0 errors, 2 left on base; Gresham 0 - Redwood City 0 |
TOP OF THE 2ND |
Gresham Gold Souls batting - Pitching for Redwood City Redwoods : RHP Juliăo Edwards
|
Batting: RHB Jesús Gutiérrez
|
0-0: SINGLE (Groundball, 56D)
|
Batting: LHB Ezechiele Bruno
|
0-0: Called Strike 0-1: Called Strike 0-2: Foul Ball, location: 2F 0-2: Ball 1-2: Strikes out looking
|
Batting: LHB Héctor Cruz
|
0-0: Called Strike 0-1: Called Strike 0-2: Foul Ball, location: 2F 0-2: SINGLE (Flyball, 8LS) Jesús Gutiérrez to second Throwing error, E8 Jesús Gutiérrez scores Héctor Cruz to second
|
Batting: RHB Willie Houk
|
0-0: Called Strike 0-1: Ground out 5-3 (Groundball, 56)
|
Batting: RHB Norm Francis
|
0-0: Called Strike 0-1: Ball 1-1: Ball 2-1: Ball 3-1: Base on Balls
|
Batting: RHB Jared Thompson
|
0-0: Ground out 6-3 (Groundball, 6M)
|
Top of the 2nd over - 1 run, 2 hits, 1 error, 2 left on base; Gresham 1 - Redwood City 0 |
BOTTOM OF THE 2ND |
Redwood City Redwoods batting - Pitching for Gresham Gold Souls : RHP Jesús Gonzáles
|
Batting: RHB Luis Miguel Sánchez
|
0-0: Ball 1-0: Called Strike 1-1: Swinging Strike 1-2: Ball 2-2: SINGLE (Line Drive, 4D)
|
Batting: RHB Luis Ramírez
|
0-0: Ball 1-0: Foul Ball, location: 2F 1-1: Foul Ball, location: 2F 1-2: Ball 2-2: Fly out, F4 (Popup, 4)
|
Batting: RHB Eugene Allen
|
0-0: Ball 1-0: Called Strike 1-1: Ball 2-1: Foul Ball, location: 2F 2-2: Strikes out swinging
|
Batting: RHB Francisco Rodríguez
|
0-0: Fly out, F5 (Line Drive, 56)
|
Bottom of the 2nd over - 0 runs, 1 hit, 0 errors, 1 left on base; Gresham 1 - Redwood City 0 |
TOP OF THE 3RD |
Gresham Gold Souls batting - Pitching for Redwood City Redwoods : RHP Juliăo Edwards
|
Batting: LHB Jeff Forsyth
|
0-0: Ball 1-0: Fly out, F7 (Flyball, 7S)
|
Batting: LHB Bill Smith
|
0-0: Called Strike 0-1: Ball 1-1: Called Strike 1-2: Ball 2-2: Ball 3-2: Strikes out looking
|
Batting: RHB Peter Hensley
|
0-0: Ball 1-0: Swinging Strike 1-1: Foul Ball, location: 2F 1-2: Strikes out looking
|
Top of the 3rd over - 0 runs, 0 hits, 0 errors, 0 left on base; Gresham 1 - Redwood City 0 |
BOTTOM OF THE 3RD |
Redwood City Redwoods batting - Pitching for Gresham Gold Souls : RHP Jesús Gonzáles
|
Batting: LHB José Peralta
|
0-0: Ball 1-0: SOLO HOME RUN (Flyball, 9D), Distance : 345 ft
|
Batting: LHB Keith Green
|
0-0: Called Strike 0-1: Ball 1-1: Ball 2-1: Swinging Strike 2-2: Ball 3-2: SINGLE (Line Drive, 6D)
|
Batting: RHB David Adams
|
0-0: Foul Ball, location: 2F 0-1: Called Strike 0-2: Fly out, F9 (Flyball, 9D)
|
Batting: LHB César Rodríguez
|
0-0: Ball 1-0: Ball 2-0: Foul Ball, location: 2F 2-1: Called Strike 2-2: Foul Ball, location: 2F 2-2: Foul Ball, location: 2F 2-2: Strikes out swinging
|
Batting: RHB Steve Sampson
|
0-0: Ball 1-0: Foul Ball, location: 2F 1-1: Ground out 1-3 (Groundball, 15)
|
Bottom of the 3rd over - 1 run, 2 hits, 0 errors, 1 left on base; Gresham 1 - Redwood City 1 |
TOP OF THE 4TH |
Gresham Gold Souls batting - Pitching for Redwood City Redwoods : RHP Juliăo Edwards
|
Batting: RHB Jesús Gutiérrez
|
0-0: Called Strike 0-1: Foul Ball, location: 2F 0-2: Ball 1-2: Ball 2-2: Foul Ball, location: 2F 2-2: Foul Ball, location: 2F 2-2: SINGLE (Line Drive, 56)
|
Batting: LHB Ezechiele Bruno
|
0-0: Called Strike 0-1: Ball 1-1: Ball 2-1: Called Strike 2-2: Ball 3-2: Foul Ball, location: 2F 3-2: Foul Ball, location: 2F 3-2: Foul Ball, location: 2F 3-2: Base on Balls Jesús Gutiérrez to second
|
Batting: LHB Héctor Cruz
|
0-0: Fly out, F8 (Line Drive, 8LXD) Runner from 2nd tags up, SAFE at 3rd, no throw
|
Batting: RHB Willie Houk
|
0-0: Ball 1-0: Fly out, F7 (Flyball, 7LM) Runner from 3rd tags up, SCORES, throw made
|
Batting: RHB Norm Francis
|
0-0: Ball 1-0: Swinging Strike 1-1: Foul Ball, location: 2F 1-2: DOUBLE (Line Drive, 89D) Ezechiele Bruno to third Runner from 3rd tries for Home, SAFE, throw made at trailing runner, OUT at third!
|
Top of the 4th over - 2 runs, 2 hits, 0 errors, 0 left on base; Gresham 3 - Redwood City 1 |
BOTTOM OF THE 4TH |
Redwood City Redwoods batting - Pitching for Gresham Gold Souls : RHP Jesús Gonzáles
|
Batting: RHB Luis Miguel Sánchez
|
0-0: Called Strike 0-1: SINGLE (Groundball, 4MD)
|
Batting: RHB Luis Ramírez
|
0-0: Called Strike 0-1: Called Strike 0-2: Hit by Pitch Luis Miguel Sánchez to second
|
Batting: RHB Eugene Allen
|
0-0: Swinging Strike 0-1: SINGLE (Line Drive, 89S) Luis Miguel Sánchez to third Luis Ramírez to second
|
Batting: RHB Francisco Rodríguez
|
0-0: Grounds into fielders choice 6-2 (Groundball, 56) Luis Ramírez to third Eugene Allen to second
|
Batting: LHB José Peralta
|
0-0: Called Strike 0-1: Ball 1-1: Ball 2-1: Ball 3-1: Swinging Strike 3-2: Foul Ball, location: 2F 3-2: Foul Ball, location: 2F 3-2: Foul Ball, location: 2F 3-2: Foul Ball, location: 2F 3-2: SINGLE (Line Drive, 8LS) Luis Ramírez scores Eugene Allen to third Francisco Rodríguez to second
|
Batting: LHB Keith Green
|
0-0: Ball 1-0: Swinging Strike 1-1: Swinging Strike 1-2: Grounds into fielders choice 3-2 (Groundball, 3) Francisco Rodríguez to third José Peralta to second
|
Batting: RHB David Adams
|
0-0: Called Strike 0-1: Swinging Strike 0-2: SINGLE (Flyball, 89S) Francisco Rodríguez scores José Peralta to third Keith Green to second Runner from 3rd tries for Home, SAFE, no throw
|
Batting: LHB César Rodríguez
|
0-0: Ball 1-0: Called Strike 1-1: Swinging Strike 1-2: Fly out, F8 (Flyball, 8RD)
|
Bottom of the 4th over - 3 runs, 4 hits, 0 errors, 2 left on base; Gresham 3 - Redwood City 4 |
TOP OF THE 5TH |
Gresham Gold Souls batting - Pitching for Redwood City Redwoods : RHP Juliăo Edwards
|
Batting: RHB Jared Thompson
|
0-0: Called Strike 0-1: Ball 1-1: Reached on error, E5 (Groundball, 56)
|
Batting: LHB Jeff Forsyth
|
0-0: Ball 1-0: Foul Ball, location: 2F 1-1: Called Strike 1-2: Ball 2-2: Foul Ball, location: 2F 2-2: Ball 3-2: Strikes out looking
|
Batting: LHB Bill Smith
|
0-0: Called Strike 0-1: Ground out 4-3 (Groundball, 4) Jared Thompson to third
|
Batting: RHB Peter Hensley
|
0-0: Ball 1-0: Swinging Strike 1-1: Ground out 5-3 (Groundball, 56)
|
Top of the 5th over - 0 runs, 0 hits, 1 error, 1 left on base; Gresham 3 - Redwood City 4 |
BOTTOM OF THE 5TH |
Redwood City Redwoods batting - Pitching for Gresham Gold Souls : RHP Jesús Gonzáles
|
Batting: RHB Steve Sampson
|
0-0: Ball 1-0: Called Strike 1-1: Foul Ball, location: 2F 1-2: Ball 2-2: SINGLE (Flyball, 78S)
|
Batting: RHB Luis Miguel Sánchez
|
0-0: Called Strike 0-1: DOUBLE (Line Drive, 7LM) Steve Sampson to third
|
Pitching: RHP Mario Navarro
|
|
Batting: RHB Luis Ramírez
|
0-0: Called Strike 0-1: Swinging Strike 0-2: Ball 1-2: Ball 2-2: Ball 3-2: Foul Ball, location: 2F 3-2: Base on Balls
|
Batting: RHB Eugene Allen
|
0-0: Ball 1-0: Grounds into double play, 6-2-3 (Groundball, 6M) Luis Miguel Sánchez to third Luis Ramírez to second
|
Batting: RHB Francisco Rodríguez
|
0-0: Called Strike 0-1: Ball 1-1: Ground out U3 (Groundball, 34S)
|
Bottom of the 5th over - 0 runs, 2 hits, 0 errors, 2 left on base; Gresham 3 - Redwood City 4 |
TOP OF THE 6TH |
Gresham Gold Souls batting - Pitching for Redwood City Redwoods : RHP Juliăo Edwards
|
Batting: RHB Jesús Gutiérrez
|
0-0: Ball 1-0: Ground out 6-3 (Groundball, 6)
|
Batting: LHB Ezechiele Bruno
|
0-0: Ball 1-0: Ball 2-0: Swinging Strike 2-1: Ball 3-1: Base on Balls
|
Batting: LHB Héctor Cruz
|
0-0: DOUBLE (Line Drive, 5D) Ezechiele Bruno to third
|
Batting: RHB Willie Houk
|
0-0: Foul Ball, location: 2F 0-1: Ground out 6-3 (Groundball, 6M) Ezechiele Bruno scores Héctor Cruz to third
|
Batting: RHB Norm Francis
|
0-0: Called Strike 0-1: Ball 1-1: Swinging Strike 1-2: Fly out, F8 (Flyball, 8RM)
|
Top of the 6th over - 1 run, 1 hit, 0 errors, 1 left on base; Gresham 4 - Redwood City 4 |
BOTTOM OF THE 6TH |
Redwood City Redwoods batting - Pitching for Gresham Gold Souls : RHP Mario Navarro
|
Batting: LHB José Peralta
|
0-0: Ball 1-0: SINGLE (Flyball, 8RS)
|
Batting: LHB Keith Green
|
0-0: Swinging Strike 0-1: Ball 1-1: Ball 2-1: Swinging Strike 2-2: Foul Ball, location: 2F 2-2: Foul Ball, location: 2F 2-2: Foul Ball, location: 2F 2-2: Strikes out looking
|
Batting: RHB David Adams
|
0-0: Foul Ball, location: 2F 0-1: Swinging Strike 0-2: Strikes out swinging
|
Batting: LHB César Rodríguez
|
0-0: Ball 1-0: Ball 2-0: Called Strike 2-1: Swinging Strike 2-2: Ball Throwing error on steal attempt, E2 José Peralta to third 3-2: Base on Balls
|
Batting: RHB Steve Sampson
|
0-0: Ball 1-0: Foul Ball, location: 2F 1-1: Called Strike 1-2: SINGLE (Line Drive, 34D) José Peralta scores César Rodríguez to second
|
Batting: RHB Luis Miguel Sánchez
|
0-0: Ball 1-0: Called Strike 1-1: 3-RUN HOME RUN (Flyball, 7D), Distance : 357 ft
|
Pitching: RHP Jeff Hansen
|
|
Batting: RHB Luis Ramírez
|
0-0: Ball 1-0: Swinging Strike 1-1: Ball 2-1: SINGLE (Groundball, 56D)
|
Batting: RHB Eugene Allen
|
0-0: Ball 1-0: Ball 2-0: Swinging Strike 2-1: Foul Ball, location: 2F 2-2: Strikes out looking
|
Bottom of the 6th over - 4 runs, 4 hits, 1 error, 1 left on base; Gresham 4 - Redwood City 8 |
TOP OF THE 7TH |
Gresham Gold Souls batting - Pitching for Redwood City Redwoods : RHP Juliăo Edwards
|
Pitching: RHP Gil Paling
|
|
Batting: RHB Jared Thompson
|
0-0: Called Strike 0-1: Fly out, F9 (Flyball, 9LMF)
|
Batting: LHB Jeff Forsyth
|
0-0: Swinging Strike 0-1: Foul Ball, location: 2F 0-2: Foul Ball, location: 2F 0-2: SOLO HOME RUN (Line Drive, 7LD), Distance : 335 ft
|
Batting: LHB Bill Smith
|
0-0: Ball 1-0: Called Strike 1-1: Ball 2-1: Ball 3-1: Base on Balls
|
Batting: RHB Peter Hensley
|
0-0: Grounds into double play, 1-6-3 (Groundball, 13S)
|
Top of the 7th over - 1 run, 1 hit, 0 errors, 0 left on base; Gresham 5 - Redwood City 8 |
BOTTOM OF THE 7TH |
Redwood City Redwoods batting - Pitching for Gresham Gold Souls : RHP Jeff Hansen
|
Batting: RHB Francisco Rodríguez
|
0-0: Ball 1-0: Foul Ball, location: 2F 1-1: SINGLE (Line Drive, 7S)
|
Batting: LHB José Peralta
|
0-0: Fly out, F7 (Flyball, 78S)
|
Batting: LHB Keith Green
|
0-0: Foul Ball, location: 2F 0-1: Ball 1-1: Ball 2-1: Swinging Strike 2-2: Ball Francisco Rodríguez steals 2nd base 3-2: Base on Balls
|
Batting: RHB David Adams
|
0-0: Called Strike 0-1: Ball 1-1: Swinging Strike 1-2: Foul Ball, location: 2F 1-2: Ball 2-2: Strikes out swinging
|
Batting: LHB César Rodríguez
|
0-0: Fly out, F8 (Flyball, 8RD)
|
Bottom of the 7th over - 0 runs, 1 hit, 0 errors, 2 left on base; Gresham 5 - Redwood City 8 |
TOP OF THE 8TH |
Gresham Gold Souls batting - Pitching for Redwood City Redwoods : RHP Gil Paling
|
Batting: RHB Jesús Gutiérrez
|
0-0: Ball 1-0: Foul Ball, location: 2F 1-1: SINGLE (Flyball, 78M)
|
Batting: LHB Ezechiele Bruno
|
0-0: Ball 1-0: Swinging Strike 1-1: Ball 2-1: Called Strike 2-2: Ball 3-2: Strikes out swinging
|
Batting: LHB Héctor Cruz
|
0-0: Called Strike 0-1: Ball 1-1: Ball 2-1: Called Strike 2-2: Grounds into double play, 4-6-3 (Groundball, 4)
|
Top of the 8th over - 0 runs, 1 hit, 0 errors, 0 left on base; Gresham 5 - Redwood City 8 |
BOTTOM OF THE 8TH |
Redwood City Redwoods batting - Pitching for Gresham Gold Souls : RHP Jeff Hansen
|
Batting: RHB Steve Sampson
|
0-0: Ball 1-0: Ball 2-0: Foul Ball, location: 2F 2-1: Ball 3-1: Foul Ball, location: 2F 3-2: Foul Ball, location: 2F 3-2: Base on Balls
|
Batting: RHB Luis Miguel Sánchez
|
0-0: Bunted foul 0-1: Ball 1-1: Bunted foul 1-2: Ball 2-2: Ball 3-2: Base on Balls Steve Sampson to second
|
Batting: RHB Luis Ramírez
|
0-0: Called Strike 0-1: Ball 1-1: Ball 2-1: Ball Wild Pitch! Steve Sampson to third Luis Miguel Sánchez to second 3-1: Base on Balls
|
Pinch Hitting: LHB Vicente Chávez
|
0-0: Called Strike 0-1: Swinging Strike 0-2: Strikes out swinging
|
Batting: RHB Francisco Rodríguez
|
0-0: Called Strike 0-1: Ball 1-1: Called Strike 1-2: Ball 2-2: Ball 3-2: Strikes out looking
|
Batting: LHB José Peralta
|
0-0: Called Strike 0-1: Ground out 4-3 (Groundball, 4)
|
Bottom of the 8th over - 0 runs, 0 hits, 0 errors, 3 left on base; Gresham 5 - Redwood City 8 |
TOP OF THE 9TH |
Gresham Gold Souls batting - Pitching for Redwood City Redwoods : RHP Gil Paling
|
Pitching: RHP Juan Sánchez
|
|
Now in CF: Arthur Hall
|
|
Batting: RHB Willie Houk
|
0-0: Ball 1-0: SOLO HOME RUN (Flyball, 7D), Distance : 356 ft
|
Batting: RHB Norm Francis
|
0-0: Fly out, F9 (Flyball, 89M)
|
Batting: RHB Jared Thompson
|
0-0: Called Strike 0-1: Swinging Strike 0-2: Fly out, F8 (Flyball, 8RM)
|
Batting: LHB Jeff Forsyth
|
0-0: Called Strike 0-1: Ball 1-1: Called Strike 1-2: Strikes out swinging
|
Top of the 9th over - 1 run, 1 hit, 0 errors, 0 left on base; Gresham 6 - Redwood City 8 |
|